Map: Dasan Station LE

Players

Nara - Winner!

  • Race: Terran Terran
  • League: Silver

Gracz

  • Race: Terran Terran
  • League: Silver

VOD

Have the link to the VOD?

Description

Time

  • Played on: Oct. 9, 2016, 5:11 a.m.
  • Length: 4:14
Show
View Real Time Build Order
Export as new Build Order

Nara Terran - Winner!

Build Orders:  

Get SALT Encoding   

  12  0:02  SCV  
  13  0:15  Supply Depot  
  13  0:25  Refinery, SCV  
  14  0:42  Barracks  
  14  0:43  SCV  
  15  0:55  SCV  
  16  1:04  Barracks  
  16  1:17  Barracks  
  16  1:21  SCV  
  17  1:36  Barracks Reactor  
  17  1:43  Supply Depot  
  17  1:44  SCV  
  18  1:51  Barracks Tech Lab  
  18  1:56  SCV  
  19  2:08  Barracks Reactor  
  19  2:14  Supply Depot  
  19  2:15  Combat Shields  
  19  2:21  Marine  
  19  2:22  Marine  
  21  2:31  Marauder  
  23  2:41  Marine x2  
  25  2:49  Marine  
  25  2:50  Marine  
  27  2:55  Supply Depot  
  27  2:59  Marauder  
  29  3:07  Marine x2  
  29  3:09  Marine  
  29  3:12  Marine  
  33  3:20  Marauder  
  33  3:26  Marine x2  
  37  3:29  Marine  
  37  3:32  Marine  
  39  3:41  Marauder  
  39  3:44  Marine  
  39  3:45  Marine  
  43  3:52  Marine x2  
Show
View Real Time Build Order
Export as new Build Order

Gracz Terran 

Build Orders:  

Get SALT Encoding   

  12  0:02  SCV  
  13  0:18  Supply Depot  
  13  0:19  SCV  
  14  0:25  Refinery  
  14  0:31  SCV  
  15  0:43  SCV  
  16  1:02  SCV  
  17  1:09  Barracks  
  17  1:14  SCV  
  17  1:15  Supply Depot  
  18  1:26  SCV  
  19  1:38  SCV  
  20  1:49  Barracks  
  20  2:01  Reaper  
  20  2:06  SCV  
  22  2:15  Refinery  
  22  2:18  SCV  
  23  2:30  SCV  
  24  2:38  Factory  
  24  2:42  SCV  
  25  2:56  Barracks Tech Lab  
  25  2:58  Barracks Reactor  
  24  3:11  Command Center  
  24  3:12  Barracks  
  24  3:13  Barracks  
  24  3:25  Starport  
  24  3:39  Factory Tech Lab  
  24  3:45  Marauder  
  26  3:56  Refinery  
  26  4:01  Command Center  
Tags
 
Add a new tag
Caveats
  • Supply blocks, unpowered buildings, or Contaminate may cause inaccurate times.
  • Supply counts are checked every 10 seconds.